[ AOE2 MATCH · #473938769 ]
UnrankedLithuanians vs Persians
[ REPLAY ANALYSIS · EXTRACTED FROM THE RECORDED GAME ]
Feudal
11:46
Castle
17:24
Imperial
32:25
| APM avg | 24.8 |
| APM peak | 61 |
| eAPM avg | 14.7 |
| Villagers / military | 121 / 168 |
Focus
⚔️ 20.6% · 🌾 79.4%
Knight ×159 · Fishing Ship ×17 · Leitis ×7 · Monk ×2
Feudal
—
Castle
—
Imperial
—
| APM avg | 17.8 |
| APM peak | 53 |
| eAPM avg | 10.8 |
| Villagers / military | 123 / 57 |
Focus
⚔️ 21.2% · 🌾 78.8%
Knight ×25 · War Elephant ×18 · Petard ×14
Feudal
21:59
Castle
29:05
Imperial
34:46
| APM avg | 15.6 |
| APM peak | 34 |
| eAPM avg | 9.1 |
| Villagers / military | 43 / 16 |
Focus
⚔️ 16.5% · 🌾 83.5%
Janissary ×10 · Fishing Ship ×8 · Bombard Cannon ×4 · Monk ×2
Feudal
—
Castle
—
Imperial
—
| APM avg | 5.1 |
| APM peak | 39 |
| eAPM avg | 3.0 |
| Villagers / military | 24 / 0 |
Focus
⚔️ 25.0% · 🌾 75.0%
Feudal
15:46
Castle
26:06
Imperial
41:38
| APM avg | 35.6 |
| APM peak | 65 |
| eAPM avg | 21.9 |
| Villagers / military | 104 / 38 |
Focus
⚔️ 34.2% · 🌾 65.8%
Shotel Warrior ×16 · Petard ×8 · Knight ×7 · Monk ×5 · Archer ×2
Feudal
21:04
Castle
33:41
Imperial
—
| APM avg | 26.2 |
| APM peak | 55 |
| eAPM avg | 18.7 |
| Villagers / military | 68 / 60 |
Focus
⚔️ 15.2% · 🌾 84.8%
Militia ×28 · Spearman ×11 · Jaguar Warrior ×8 · Eagle Scout ×5 · Skirmisher ×4 · Battering Ram ×3
Feudal
—
Castle
—
Imperial
—
| APM avg | 33.8 |
| APM peak | 65 |
| eAPM avg | 15.7 |
| Villagers / military | 131 / 103 |
Focus
⚔️ 20.3% · 🌾 79.7%
Scorpion ×41 · Spearman ×41 · Militia ×5 · Battering Ram ×5 · Trebuchet (Packed) ×5 · Mangonel ×4
Feudal
11:33
Castle
15:12
Imperial
28:45
| APM avg | 43.1 |
| APM peak | 113 |
| eAPM avg | 29.3 |
| Villagers / military | 285 / 210 |
Focus
⚔️ 34.2% · 🌾 65.8%
Knight ×189 · Battering Ram ×12 · Bombard Cannon ×5 · Trebuchet (Packed) ×3 · Monk ×1
Match map
Initial resources + every placement click. Lines = walls · curves = elevation contours. ◆ gold · ⬟ stone · ● berries · ✦ relic · ◌ wall gap
Your base· ✓ Closed at 17:24 · 12t walls · fragile
Deleve3316's base· ✓ Closed at 15:28 · 0t walls · fragile
Salty's base· ✓ Closed at 29:05 · 47t walls · fragile
mayinbu's base· ✓ Closed at 12:00 · 28t walls · fragile
Zariel's base· ✓ Closed at 26:06 · 129t walls · 2 gate(s) · fragile
IscoNavas's base· ✓ Closed at 33:41 · 9t walls · no gate
logibll777's base· ✓ Closed at 13:47 · 0t walls · fragile
TmZ_ĐЯEW ♚☯'s base· ✓ Closed at 15:12 · 8t walls · fragile
Smoothed initial terrain · ◌ = detected wall gap · hover for details
Inputs per minute
— FappingFuriously - - Deleve3316
Build order — FappingFuriously
First 150 of 366 actions detected
| 0:01 | Create | Villager (Male) |
| 0:01 | Create | Villager (Male) |
| 0:02 | Create | Villager (Male) |
| 0:02 | Create | Villager (Male) |
| 0:03 | Build | House |
| 0:04 | Build | House |
| 1:01 | Create | Villager (Male) |
| 1:01 | Create | Villager (Male) |
| 1:01 | Create | Villager (Male) |
| 1:24 | Create | Villager (Male) |
| 1:24 | Create | Villager (Male) |
| 1:48 | Build | Lumber Camp |
| 2:01 | Create | Villager (Male) |
| 2:01 | Create | Villager (Male) |
| 2:16 | Create | Villager (Male) |
| 2:22 | Build | House |
| 2:25 | Build | House |
| 3:03 | Create | Villager (Male) |
| 3:04 | Create | Villager (Male) |
| 3:10 | Create | Villager (Male) |
| 3:11 | Create | Villager (Male) |
| 3:39 | Build | House |
| 3:41 | Create | Villager (Male) |
| 3:42 | Create | Villager (Male) |
| 3:54 | Create | Villager (Male) |
| 3:54 | Create | Villager (Male) |
| 4:45 | Build | Mill |
| 4:47 | Create | Villager (Male) |
| 4:48 | Create | Villager (Male) |
| 5:20 | Create | Villager (Male) |
| 5:20 | Create | Villager (Male) |
| 5:56 | Create | Villager (Male) |
| 5:57 | Create | Villager (Male) |
| 5:57 | Create | Villager (Male) |
| 6:32 | Create | Villager (Male) |
| 6:32 | Create | Villager (Male) |
| 6:52 | Build | Dock |
| 6:57 | Create | Villager (Male) |
| 7:23 | Create | Villager (Male) |
| 7:32 | Create | Fishing Ship |
| 7:46 | Create | Villager (Male) |
| 8:05 | Create | Fishing Ship |
| 8:16 | Create | Villager (Male) |
| 8:33 | Research | Loom |
| 8:38 | Create | Fishing Ship |
| 8:47 | Build | House |
| 9:00 | Build | Mining Camp |
| 9:25 | Research | Feudal Age |
| 9:26 | Research | Feudal Age |
| 9:37 | Create | Fishing Ship |
| 9:47 | Build | Mining Camp |
| 10:00 | Create | Fishing Ship |
| 10:26 | Create | Fishing Ship |
| 10:39 | Build | House |
| 10:39 | Build | House |
| 11:04 | Create | Fishing Ship |
| 11:35 | Create | Villager (Male) |
| 11:46 | Age | Feudal Age |
| 11:48 | Create | Villager (Male) |
| 11:51 | Research | Tech 906 |
| 11:52 | Research | Tech 906 |
| 11:58 | Research | Double-Bit Axe |
| 11:58 | Research | Double-Bit Axe |
| 11:58 | Research | Double-Bit Axe |
| 12:00 | Create | Villager (Male) |
| 12:24 | Build | Fish Trap |
| 12:33 | Build | Fish Trap |
| 12:39 | Create | Villager (Male) |
| 13:07 | Build | Blacksmith |
| 13:25 | Create | Villager (Male) |
| 13:33 | Build | Market |
| 13:50 | Create | Villager (Male) |
| 14:17 | Build | Mill |
| 14:19 | Create | Villager (Male) |
| 14:35 | Research | Castle Age |
| 14:35 | Research | Castle Age |
| 14:44 | Build | Fish Trap |
| 14:54 | Build | Fish Trap |
| 15:04 | Build | House |
| 15:08 | Build | House |
| 15:32 | Build | Fish Trap |
| 15:41 | Build | Fish Trap |
| 15:45 | Build | Fish Trap |
| 16:05 | Build | Stone Wall |
| 16:10 | Build | Stone Wall |
| 16:56 | Research | Horse Collar |
| 16:57 | Research | Horse Collar |
| 16:57 | Research | Horse Collar |
| 17:19 | Create | Villager (Male) |
| 17:24 | Age | Castle Age |
| 17:29 | Build | Monastery |
| 17:31 | Create | Villager (Male) |
| 17:35 | Research | Gillnets |
| 17:35 | Research | Gillnets |
| 17:44 | Build | Town Center |
| 17:49 | Create | Villager (Male) |
| 17:55 | Research | Scale Barding Armor |
| 17:56 | Research | Forging |
| 17:56 | Research | Forging |
| 18:10 | Create | Villager (Male) |
| 18:13 | Create | Monk |
| 18:21 | Create | Villager (Male) |
| 18:30 | Build | Town Center |
| 18:42 | Create | Villager (Male) |
| 19:06 | Create | Villager (Male) |
| 19:15 | Build | Dock |
| 19:20 | Create | Villager (Male) |
| 19:20 | Create | Villager (Male) |
| 19:20 | Create | Villager (Male) |
| 19:39 | Create | Villager (Male) |
| 19:39 | Create | Villager (Male) |
| 19:50 | Build | Mining Camp |
| 19:53 | Create | Villager (Male) |
| 20:06 | Create | Monk |
| 20:12 | Build | Farm |
| 20:17 | Research | Loom |
| 20:18 | Create | Villager (Male) |
| 20:21 | Create | Villager (Male) |
| 20:21 | Create | Villager (Male) |
| 20:37 | Create | Villager (Male) |
| 20:38 | Create | Villager (Male) |
| 20:39 | Create | Villager (Male) |
| 20:44 | Build | House |
| 20:45 | Build | House |
| 20:45 | Build | House |
| 20:46 | Build | House |
| 20:51 | Create | Fishing Ship |
| 20:51 | Create | Fishing Ship |
| 20:58 | Create | Fishing Ship |
| 20:58 | Create | Fishing Ship |
| 21:01 | Create | Villager (Male) |
| 21:02 | Create | Villager (Male) |
| 21:06 | Research | Bow Saw |
| 21:09 | Research | Heavy Plow |
| 21:09 | Research | Heavy Plow |
| 21:25 | Create | Villager (Male) |
| 21:33 | Build | Farm |
| 21:33 | Build | Farm |
| 21:39 | Build | Fish Trap |
| 21:43 | Build | Fish Trap |
| 21:57 | Create | Villager (Male) |
| 21:57 | Create | Villager (Male) |
| 21:57 | Create | Villager (Male) |
| 21:59 | Create | Villager (Male) |
| 22:05 | Build | Farm |
| 22:05 | Build | Farm |
| 22:06 | Build | Farm |
| 22:09 | Create | Villager (Male) |
| 22:19 | Build | Fish Trap |
| 22:24 | Build | Fish Trap |
Build order — Deleve3316
First 150 of 321 actions detected
| 0:03 | Create | Villager (Male) |
| 0:03 | Create | Villager (Male) |
| 0:03 | Create | Villager (Male) |
| 0:05 | Build | House |
| 0:08 | Build | House |
| 1:19 | Research | Loom |
| 1:26 | Create | Villager (Male) |
| 1:26 | Create | Villager (Male) |
| 1:27 | Create | Villager (Male) |
| 2:08 | Build | Lumber Camp |
| 2:14 | Create | Villager (Male) |
| 2:14 | Create | Villager (Male) |
| 2:34 | Create | Villager (Male) |
| 3:04 | Create | Villager (Male) |
| 3:05 | Create | Villager (Male) |
| 3:47 | Build | House |
| 3:48 | Build | House |
| 3:55 | Create | Villager (Male) |
| 3:55 | Create | Villager (Male) |
| 4:13 | Create | Villager (Male) |
| 4:13 | Create | Villager (Male) |
| 4:14 | Create | Villager (Male) |
| 5:02 | Create | Villager (Male) |
| 5:03 | Create | Villager (Male) |
| 5:10 | Build | Mill |
| 6:11 | Create | Villager (Male) |
| 6:12 | Create | Villager (Male) |
| 6:12 | Create | Villager (Male) |
| 6:13 | Create | Villager (Male) |
| 6:43 | Create | Villager (Male) |
| 6:43 | Create | Villager (Male) |
| 8:08 | Build | House |
| 8:12 | Build | House |
| 8:21 | Research | Feudal Age |
| 9:09 | Build | Barracks |
| 10:03 | Build | Mining Camp |
| 10:30 | Create | Villager (Male) |
| 10:31 | Create | Villager (Male) |
| 10:32 | Create | Villager (Male) |
| 10:46 | Build | Market |
| 10:55 | Build | Stable |
| 10:57 | Create | Villager (Male) |
| 10:57 | Create | Villager (Male) |
| 11:50 | Build | Farm |
| 11:51 | Build | Farm |
| 11:52 | Build | Farm |
| 11:54 | Build | Farm |
| 11:55 | Build | Farm |
| 12:05 | Create | Villager (Male) |
| 12:05 | Create | Villager (Male) |
| 12:23 | Build | Mining Camp |
| 12:52 | Build | Farm |
| 13:07 | Create | Villager (Male) |
| 13:22 | Build | Farm |
| 13:23 | Build | Farm |
| 13:25 | Create | Villager (Male) |
| 13:43 | Create | Villager (Male) |
| 13:49 | Build | Farm |
| 14:05 | Build | Farm |
| 14:38 | Create | Villager (Male) |
| 14:42 | Create | Villager (Male) |
| 14:50 | Build | Farm |
| 14:51 | Build | Farm |
| 15:28 | Research | Castle Age |
| 16:05 | Research | Double-Bit Axe |
| 16:36 | Research | Stone Mining |
| 16:37 | Research | Horse Collar |
| 16:57 | Build | House |
| 16:58 | Build | House |
| 17:14 | Research | Gold Mining |
| 18:16 | Build | Castle |
| 18:20 | Create | Villager (Male) |
| 18:20 | Create | Villager (Male) |
| 18:20 | Create | Villager (Male) |
| 18:42 | Build | Town Center |
| 18:50 | Create | Villager (Male) |
| 18:55 | Create | Knight |
| 18:56 | Create | Knight |
| 19:10 | Create | Villager (Male) |
| 19:25 | Create | Knight |
| 19:27 | Research | Husbandry |
| 19:55 | Build | Castle |
| 20:07 | Create | Knight |
| 20:08 | Create | Knight |
| 20:28 | Create | Knight |
| 20:28 | Create | Knight |
| 20:29 | Create | Villager (Male) |
| 20:30 | Create | Villager (Male) |
| 20:30 | Create | Villager (Male) |
| 20:30 | Create | Villager (Male) |
| 20:41 | Build | Farm |
| 20:41 | Build | Farm |
| 20:41 | Build | Farm |
| 20:42 | Build | Farm |
| 20:42 | Build | Farm |
| 20:44 | Create | Villager (Male) |
| 20:45 | Create | Villager (Male) |
| 21:29 | Create | Villager (Male) |
| 21:29 | Create | Villager (Male) |
| 21:29 | Create | Villager (Male) |
| 21:30 | Create | Villager (Male) |
| 21:32 | Build | Farm |
| 21:32 | Build | Farm |
| 21:32 | Build | Farm |
| 21:33 | Build | Farm |
| 21:33 | Build | Farm |
| 21:38 | Create | Villager (Male) |
| 21:38 | Create | Villager (Male) |
| 21:53 | Build | Stone Wall |
| 22:02 | Build | Gate |
| 22:11 | Create | Villager (Male) |
| 22:12 | Create | Villager (Male) |
| 22:31 | Build | Stable |
| 22:35 | Build | House |
| 22:38 | Build | House |
| 22:50 | Build | House |
| 22:53 | Build | House |
| 22:55 | Create | Knight |
| 22:55 | Create | Knight |
| 22:56 | Create | Knight |
| 23:00 | Create | Villager (Male) |
| 23:00 | Create | Villager (Male) |
| 23:00 | Create | Villager (Male) |
| 23:08 | Create | Villager (Male) |
| 23:08 | Create | Villager (Male) |
| 23:36 | Build | Stone Wall |
| 23:44 | Create | Villager (Male) |
| 23:45 | Create | Villager (Male) |
| 23:45 | Create | Villager (Male) |
| 24:08 | Build | Gate |
| 24:13 | Build | Stone Wall |
| 24:29 | Create | Villager (Male) |
| 24:29 | Create | Villager (Male) |
| 24:29 | Create | Villager (Male) |
| 24:29 | Create | Villager (Male) |
| 24:30 | Create | Villager (Male) |
| 24:31 | Create | Villager (Male) |
| 24:31 | Create | Villager (Male) |
| 24:44 | Build | Town Center |
| 24:50 | Create | Villager (Male) |
| 24:50 | Create | Villager (Male) |
| 24:50 | Create | Villager (Male) |
| 25:27 | Build | Stone Wall |
| 25:51 | Build | Stable |
| 25:59 | Build | Mining Camp |
| 26:10 | Build | Lumber Camp |
| 26:12 | Research | Light Cavalry (upgrade) |
| 26:14 | Research | Bloodlines |
| 26:18 | Create | Villager (Male) |
| 26:19 | Create | Villager (Male) |
Build order — Salty
First 150 of 152 actions detected
| 0:04 | Build | House |
| 0:04 | Build | House |
| 0:14 | Build | Lumber Camp |
| 0:17 | Create | Villager (Male) |
| 0:17 | Create | Villager (Male) |
| 0:18 | Create | Villager (Male) |
| 0:52 | Create | Villager (Male) |
| 1:28 | Build | Palisade Wall |
| 1:40 | Research | Loom |
| 2:14 | Build | Palisade Wall |
| 2:17 | Build | Palisade Wall |
| 2:42 | Build | Palisade Gate |
| 2:44 | Create | Villager (Male) |
| 3:58 | Create | Villager (Male) |
| 3:59 | Create | Villager (Male) |
| 4:43 | Create | Villager (Male) |
| 5:17 | Build | Palisade Gate |
| 6:00 | Build | Palisade Wall |
| 6:03 | Create | Villager (Male) |
| 6:03 | Create | Villager (Male) |
| 7:39 | Create | Villager (Male) |
| 7:39 | Create | Villager (Male) |
| 10:04 | Build | Mill |
| 10:07 | Create | Villager (Male) |
| 10:59 | Build | Palisade Wall |
| 11:51 | Build | Palisade Wall |
| 11:53 | Build | Palisade Wall |
| 12:53 | Build | Palisade Wall |
| 12:56 | Build | Palisade Wall |
| 12:58 | Build | Palisade Wall |
| 13:38 | Build | Mill |
| 13:41 | Create | Villager (Male) |
| 13:42 | Create | Villager (Male) |
| 13:42 | Create | Villager (Male) |
| 13:42 | Create | Villager (Male) |
| 14:55 | Build | House |
| 15:05 | Build | House |
| 15:47 | Create | Villager (Male) |
| 15:47 | Create | Villager (Male) |
| 16:43 | Build | Mill |
| 16:44 | Create | Villager (Male) |
| 16:45 | Create | Villager (Male) |
| 17:41 | Create | Villager (Male) |
| 17:42 | Create | Villager (Male) |
| 18:59 | Create | Villager (Male) |
| 19:00 | Create | Villager (Male) |
| 19:30 | Build | House |
| 19:31 | Build | House |
| 19:49 | Research | Feudal Age |
| 20:13 | Build | Mining Camp |
| 21:05 | Build | Dock |
| 21:18 | Build | Dock |
| 21:56 | Create | Fishing Ship |
| 21:59 | Age | Feudal Age |
| 22:07 | Create | Villager (Male) |
| 22:08 | Create | Villager (Male) |
| 22:08 | Create | Villager (Male) |
| 22:13 | Create | Fishing Ship |
| 23:02 | Create | Villager (Male) |
| 23:03 | Create | Villager (Male) |
| 23:13 | Research | Double-Bit Axe |
| 23:43 | Build | Farm |
| 23:57 | Create | Fishing Ship |
| 24:19 | Create | Fishing Ship |
| 24:28 | Build | Market |
| 24:31 | Create | Villager (Male) |
| 24:32 | Create | Villager (Male) |
| 25:03 | Build | House |
| 25:28 | Build | Blacksmith |
| 25:56 | Build | Mining Camp |
| 26:15 | Create | Fishing Ship |
| 26:25 | Research | Castle Age |
| 26:40 | Create | Fishing Ship |
| 26:47 | Create | Fishing Ship |
| 27:03 | Research | Stone Mining |
| 27:35 | Research | Gold Mining |
| 27:45 | Research | Town Watch |
| 27:48 | Create | Fishing Ship |
| 28:20 | Research | Tech 906 |
| 28:39 | Build | House |
| 28:41 | Build | House |
| 28:43 | Build | House |
| 28:44 | Build | House |
| 29:05 | Age | Castle Age |
| 29:07 | Create | Villager (Male) |
| 29:08 | Create | Villager (Male) |
| 30:23 | Build | Siege Workshop |
| 30:40 | Build | Monastery |
| 31:26 | Build | House |
| 31:27 | Build | House |
| 31:36 | Research | Imperial Age |
| 31:46 | Build | House |
| 31:47 | Build | House |
| 31:48 | Build | House |
| 32:10 | Research | Bow Saw |
| 32:59 | Create | Monk |
| 33:15 | Build | Fish Trap |
| 33:18 | Build | Fish Trap |
| 33:50 | Build | Stone Wall |
| 33:59 | Build | Stone Wall |
| 34:18 | Build | Gate |
| 34:39 | Build | Castle |
| 34:46 | Age | Imperial Age |
| 35:29 | Create | Villager (Male) |
| 35:29 | Create | Villager (Male) |
| 36:18 | Build | Siege Workshop |
| 36:29 | Create | Bombard Cannon |
| 36:39 | Create | Janissary |
| 36:50 | Build | Fish Trap |
| 36:58 | Build | Farm |
| 36:59 | Build | Farm |
| 37:00 | Build | Farm |
| 37:23 | Create | Janissary |
| 37:58 | Create | Janissary |
| 38:03 | Create | Monk |
| 38:25 | Create | Janissary |
| 39:00 | Create | Bombard Cannon |
| 39:24 | Build | Siege Workshop |
| 39:32 | Create | Janissary |
| 39:32 | Create | Janissary |
| 39:46 | Create | Bombard Cannon |
| 39:52 | Build | Stone Wall |
| 39:56 | Create | Villager (Male) |
| 40:07 | Build | Gate |
| 40:46 | Build | Stone Wall |
| 40:50 | Create | Janissary |
| 40:51 | Create | Janissary |
| 40:56 | Build | Farm |
| 40:58 | Build | Farm |
| 41:14 | Build | Stone Wall |
| 41:21 | Create | Janissary |
| 41:35 | Build | Barracks |
| 41:46 | Create | Janissary |
| 42:44 | Build | Stone Wall |
| 43:16 | Build | Gate |
| 44:00 | Build | Farm |
| 44:09 | Build | Lumber Camp |
| 44:10 | Create | Villager (Male) |
| 44:11 | Create | Villager (Male) |
| 44:11 | Create | Villager (Male) |
| 44:35 | Build | Dock |
| 45:47 | Create | Bombard Cannon |
| 45:58 | Build | House |
| 45:58 | Build | House |
| 45:59 | Build | House |
| 46:00 | Build | House |
| 46:01 | Build | House |
| 46:03 | Build | House |
| 46:08 | Build | Farm |
| 46:11 | Create | Villager (Male) |
Build order — mayinbu
38 actions detected in the replay
| 0:01 | Create | Villager (Male) |
| 0:01 | Create | Villager (Male) |
| 0:03 | Build | House |
| 0:04 | Build | House |
| 0:07 | Build | House |
| 0:08 | Create | Villager (Male) |
| 0:08 | Create | Villager (Male) |
| 1:36 | Create | Villager (Male) |
| 1:36 | Create | Villager (Male) |
| 1:49 | Build | Lumber Camp |
| 2:10 | Create | Villager (Male) |
| 2:28 | Create | Villager (Male) |
| 2:35 | Research | Loom |
| 2:36 | Create | Villager (Male) |
| 2:54 | Build | Palisade Wall |
| 3:06 | Build | Palisade Wall |
| 3:07 | Create | Villager (Male) |
| 3:07 | Create | Villager (Male) |
| 3:17 | Create | Villager (Male) |
| 3:57 | Create | Villager (Male) |
| 4:23 | Build | Palisade Wall |
| 4:24 | Create | Villager (Male) |
| 4:24 | Create | Villager (Male) |
| 5:09 | Create | Villager (Male) |
| 5:15 | Build | Mill |
| 5:30 | Build | Palisade Wall |
| 5:50 | Build | Palisade Wall |
| 5:58 | Create | Villager (Male) |
| 5:59 | Create | Villager (Male) |
| 6:25 | Build | Palisade Wall |
| 6:39 | Create | Villager (Male) |
| 7:02 | Create | Villager (Male) |
| 7:05 | Build | House |
| 7:12 | Build | Palisade Wall |
| 7:22 | Create | Villager (Male) |
| 7:40 | Create | Villager (Male) |
| 8:14 | Create | Villager (Male) |
| 8:27 | Create | Villager (Male) |
Build order — Zariel
First 150 of 343 actions detected
| 0:01 | Create | Villager (Male) |
| 0:01 | Create | Villager (Male) |
| 0:03 | Build | House |
| 0:04 | Build | House |
| 0:18 | Create | Villager (Male) |
| 0:23 | Research | Loom |
| 0:36 | Create | Villager (Male) |
| 0:36 | Create | Villager (Male) |
| 0:36 | Create | Villager (Male) |
| 1:05 | Build | Palisade Wall |
| 1:11 | Build | Palisade Wall |
| 1:12 | Build | Palisade Wall |
| 1:13 | Build | Palisade Wall |
| 1:13 | Build | Palisade Wall |
| 1:15 | Build | Palisade Wall |
| 1:19 | Build | Palisade Wall |
| 2:16 | Create | Villager (Male) |
| 2:16 | Create | Villager (Male) |
| 2:31 | Build | Palisade Wall |
| 3:22 | Build | Palisade Wall |
| 3:35 | Create | Villager (Male) |
| 3:35 | Create | Villager (Male) |
| 4:12 | Create | Villager (Male) |
| 4:38 | Build | House |
| 4:58 | Create | Villager (Male) |
| 4:58 | Create | Villager (Male) |
| 4:58 | Create | Villager (Male) |
| 4:58 | Create | Villager (Male) |
| 5:06 | Build | Palisade Wall |
| 5:29 | Build | Palisade Wall |
| 5:36 | Create | Villager (Male) |
| 5:48 | Build | Palisade Wall |
| 5:55 | Build | Palisade Wall |
| 6:07 | Build | Palisade Wall |
| 6:09 | Build | Palisade Wall |
| 6:14 | Build | Palisade Wall |
| 6:23 | Create | Villager (Male) |
| 6:23 | Create | Villager (Male) |
| 6:28 | Build | Palisade Wall |
| 6:37 | Build | Palisade Wall |
| 6:55 | Build | House |
| 7:02 | Create | Villager (Male) |
| 7:03 | Create | Villager (Male) |
| 7:09 | Build | House |
| 7:16 | Build | Palisade Wall |
| 7:34 | Build | Palisade Wall |
| 7:36 | Build | Palisade Wall |
| 7:38 | Build | Palisade Wall |
| 7:53 | Build | Palisade Wall |
| 7:56 | Build | Palisade Wall |
| 8:04 | Create | Villager (Male) |
| 8:04 | Create | Villager (Male) |
| 8:12 | Build | Palisade Wall |
| 8:14 | Build | Palisade Wall |
| 8:39 | Build | Lumber Camp |
| 8:51 | Build | Palisade Wall |
| 9:02 | Create | Villager (Male) |
| 9:03 | Create | Villager (Male) |
| 9:03 | Create | Villager (Male) |
| 9:08 | Build | Palisade Wall |
| 9:13 | Build | Lumber Camp |
| 9:17 | Build | Palisade Wall |
| 9:18 | Build | Palisade Wall |
| 9:21 | Build | Palisade Wall |
| 9:22 | Build | Palisade Wall |
| 9:22 | Build | Palisade Wall |
| 9:28 | Build | Palisade Wall |
| 9:41 | Build | Palisade Wall |
| 9:45 | Build | Palisade Wall |
| 9:45 | Build | Palisade Wall |
| 9:46 | Build | Palisade Wall |
| 9:47 | Build | Palisade Wall |
| 9:50 | Build | Palisade Wall |
| 9:53 | Build | Palisade Wall |
| 9:54 | Build | Palisade Wall |
| 10:21 | Build | Palisade Wall |
| 10:23 | Build | Palisade Wall |
| 10:24 | Build | Palisade Wall |
| 10:38 | Create | Villager (Male) |
| 10:38 | Create | Villager (Male) |
| 10:44 | Build | Palisade Wall |
| 10:44 | Build | Palisade Wall |
| 10:52 | Build | Mill |
| 11:17 | Create | Villager (Male) |
| 11:25 | Build | Palisade Wall |
| 11:35 | Build | Palisade Wall |
| 11:40 | Create | Villager (Male) |
| 11:41 | Create | Villager (Male) |
| 11:53 | Build | Palisade Wall |
| 11:54 | Build | Palisade Wall |
| 12:04 | Build | Palisade Wall |
| 12:12 | Build | Palisade Wall |
| 12:13 | Build | Palisade Wall |
| 12:16 | Build | Palisade Wall |
| 12:19 | Create | Villager (Male) |
| 12:19 | Create | Villager (Male) |
| 12:20 | Build | House |
| 12:38 | Create | Villager (Male) |
| 12:45 | Build | Palisade Wall |
| 12:57 | Build | Palisade Wall |
| 13:00 | Build | Palisade Wall |
| 13:01 | Build | Palisade Wall |
| 13:10 | Build | Palisade Gate |
| 13:36 | Research | Feudal Age |
| 13:41 | Build | Mill |
| 13:48 | Build | Palisade Wall |
| 13:49 | Build | Palisade Wall |
| 13:56 | Build | Palisade Wall |
| 13:57 | Build | Palisade Wall |
| 14:13 | Build | Palisade Wall |
| 14:15 | Build | Palisade Wall |
| 14:20 | Build | Palisade Wall |
| 15:38 | Create | Villager (Male) |
| 15:38 | Create | Villager (Male) |
| 15:46 | Age | Feudal Age |
| 15:59 | Research | Double-Bit Axe |
| 16:01 | Create | Villager (Male) |
| 16:01 | Create | Villager (Male) |
| 16:09 | Build | Stone Wall |
| 16:10 | Build | Stone Wall |
| 16:11 | Build | Stone Wall |
| 16:12 | Build | Stone Wall |
| 16:12 | Build | Stone Wall |
| 16:13 | Build | Stone Wall |
| 16:13 | Build | Stone Wall |
| 16:23 | Build | Stone Wall |
| 16:23 | Build | Stone Wall |
| 16:24 | Build | Stone Wall |
| 16:24 | Build | Stone Wall |
| 16:35 | Build | Barracks |
| 16:52 | Create | Villager (Male) |
| 16:52 | Create | Villager (Male) |
| 17:10 | Build | Stone Wall |
| 17:16 | Build | House |
| 17:20 | Build | House |
| 17:25 | Build | Mining Camp |
| 18:10 | Create | Villager (Male) |
| 18:13 | Build | Archery Range |
| 18:38 | Build | Stone Wall |
| 18:51 | Create | Villager (Male) |
| 18:51 | Create | Villager (Male) |
| 18:52 | Create | Villager (Male) |
| 19:21 | Build | Watch Tower |
| 19:26 | Build | House |
| 19:36 | Build | Palisade Gate |
| 19:40 | Build | Palisade Gate |
| 19:52 | Create | Villager (Male) |
| 19:52 | Create | Villager (Male) |
| 20:11 | Create | Archer |
| 20:11 | Create | Archer |
Build order — IscoNavas
First 150 of 277 actions detected
| 0:05 | Build | House |
| 0:14 | Create | Villager (Male) |
| 0:14 | Create | Villager (Male) |
| 0:14 | Create | Villager (Male) |
| 0:14 | Create | Villager (Male) |
| 0:48 | Build | House |
| 1:02 | Research | Loom |
| 1:19 | Create | Villager (Male) |
| 1:24 | Build | Palisade Wall |
| 2:15 | Create | Villager (Male) |
| 3:12 | Create | Villager (Male) |
| 3:57 | Create | Villager (Male) |
| 4:18 | Create | Villager (Male) |
| 4:45 | Create | Villager (Male) |
| 8:41 | Create | Villager (Male) |
| 8:42 | Create | Villager (Male) |
| 9:16 | Create | Villager (Male) |
| 9:16 | Create | Villager (Male) |
| 10:12 | Create | Villager (Male) |
| 10:12 | Create | Villager (Male) |
| 11:06 | Create | Villager (Male) |
| 11:07 | Create | Villager (Male) |
| 11:09 | Build | House |
| 12:27 | Create | Villager (Male) |
| 12:27 | Create | Villager (Male) |
| 13:15 | Build | House |
| 13:22 | Build | Mill |
| 13:29 | Create | Villager (Male) |
| 13:29 | Create | Villager (Male) |
| 13:31 | Create | Villager (Male) |
| 13:58 | Create | Villager (Male) |
| 14:54 | Create | Villager (Male) |
| 15:01 | Build | Farm |
| 15:03 | Build | Farm |
| 15:04 | Build | Farm |
| 15:38 | Create | Villager (Male) |
| 16:02 | Create | Villager (Male) |
| 16:07 | Build | Farm |
| 16:12 | Build | House |
| 16:34 | Build | House |
| 16:46 | Create | Villager (Male) |
| 17:03 | Create | Villager (Male) |
| 17:36 | Create | Villager (Male) |
| 17:48 | Build | Lumber Camp |
| 18:04 | Create | Villager (Male) |
| 18:22 | Create | Villager (Male) |
| 18:32 | Build | Farm |
| 18:49 | Research | Feudal Age |
| 19:00 | Build | Farm |
| 19:23 | Build | Barracks |
| 19:53 | Create | Militia |
| 19:53 | Create | Militia |
| 19:53 | Create | Militia |
| 19:53 | Create | Militia |
| 20:06 | Create | Militia |
| 20:16 | Build | House |
| 20:31 | Build | Mining Camp |
| 21:04 | Age | Feudal Age |
| 21:32 | Build | Farm |
| 21:32 | Build | Farm |
| 21:33 | Build | Farm |
| 21:33 | Build | Farm |
| 21:34 | Build | Farm |
| 21:54 | Create | Villager (Male) |
| 21:54 | Create | Villager (Male) |
| 22:14 | Research | Arson |
| 22:23 | Create | Villager (Male) |
| 22:28 | Build | House |
| 22:35 | Build | Farm |
| 22:45 | Create | Spearman ×2 |
| 23:19 | Create | Villager (Male) |
| 23:20 | Create | Villager (Male) |
| 23:26 | Research | Man-at-Arms (upgrade) |
| 23:44 | Build | Farm |
| 24:02 | Create | Villager (Male) |
| 24:31 | Create | Villager (Male) |
| 25:01 | Create | Villager (Male) |
| 25:02 | Create | Villager (Male) |
| 25:05 | Build | Farm |
| 25:10 | Build | House |
| 25:18 | Create | Villager (Male) |
| 25:31 | Build | House |
| 25:39 | Create | Villager (Male) |
| 25:54 | Build | House |
| 25:56 | Create | Villager (Male) |
| 26:10 | Build | Blacksmith |
| 26:16 | Create | Villager (Male) |
| 26:40 | Create | Eagle Scout ×5 |
| 26:53 | Build | Market |
| 26:59 | Build | Stone Wall |
| 27:04 | Create | Villager (Male) |
| 27:39 | Create | Villager (Male) |
| 27:58 | Research | Scale Mail Armor |
| 28:01 | Build | Farm |
| 28:04 | Create | Villager (Male) |
| 28:37 | Build | Barracks |
| 28:48 | Create | Spearman |
| 28:49 | Create | Spearman |
| 28:49 | Create | Spearman |
| 28:49 | Create | Spearman |
| 28:50 | Create | Spearman |
| 28:58 | Create | Spearman |
| 29:04 | Create | Villager (Male) |
| 29:35 | Create | Spearman |
| 29:35 | Create | Spearman |
| 29:41 | Create | Villager (Male) |
| 29:42 | Create | Villager (Male) |
| 30:01 | Build | Farm |
| 30:02 | Create | Villager (Male) |
| 30:18 | Create | Militia |
| 30:19 | Create | Militia |
| 30:19 | Create | Militia |
| 30:19 | Create | Militia |
| 30:22 | Create | Spearman |
| 30:24 | Build | Farm |
| 30:28 | Create | Villager (Male) |
| 30:40 | Build | Mill |
| 30:42 | Create | Villager (Male) |
| 30:57 | Research | Castle Age |
| 31:38 | Build | Farm |
| 31:40 | Build | Farm |
| 31:46 | Build | House |
| 31:48 | Build | House |
| 31:59 | Create | Villager (Male) |
| 32:10 | Research | Double-Bit Axe |
| 32:13 | Build | Lumber Camp |
| 32:21 | Create | Militia ×5 |
| 32:35 | Build | House |
| 32:48 | Research | Forging |
| 33:41 | Age | Castle Age |
| 33:52 | Create | Villager (Male) |
| 34:04 | Build | Siege Workshop |
| 34:10 | Create | Villager (Male) |
| 34:21 | Build | Mining Camp |
| 34:25 | Research | Long Swordsman (upgrade) |
| 34:31 | Create | Mangonel |
| 34:34 | Create | Battering Ram |
| 34:35 | Create | Battering Ram |
| 34:46 | Research | Stone Mining |
| 34:48 | Create | Villager (Male) |
| 34:51 | Build | Farm |
| 34:54 | Build | Farm |
| 34:58 | Research | Bow Saw |
| 35:08 | Create | Battering Ram |
| 35:17 | Build | Farm |
| 35:19 | Create | Villager (Male) |
| 35:55 | Build | Barracks |
| 35:59 | Create | Militia ×5 |
| 36:01 | Research | Chain Mail Armor |
| 36:08 | Build | Lumber Camp |
Build order — logibll777
First 150 of 323 actions detected
| 0:01 | Create | Villager (Male) |
| 0:01 | Create | Villager (Male) |
| 0:01 | Create | Villager (Male) |
| 0:02 | Create | Villager (Male) |
| 0:02 | Create | Villager (Male) |
| 0:04 | Build | House |
| 0:06 | Build | House |
| 1:25 | Create | Villager (Male) |
| 2:07 | Create | Villager (Male) |
| 2:07 | Create | Villager (Male) |
| 2:23 | Create | Villager (Male) |
| 2:24 | Create | Villager (Male) |
| 2:44 | Create | Villager (Male) |
| 2:44 | Create | Villager (Male) |
| 2:49 | Build | House |
| 3:16 | Create | Villager (Male) |
| 3:16 | Create | Villager (Male) |
| 3:49 | Create | Villager (Male) |
| 3:49 | Create | Villager (Male) |
| 4:21 | Create | Villager (Male) |
| 4:21 | Create | Villager (Male) |
| 4:32 | Build | Mill |
| 5:12 | Create | Villager (Male) |
| 5:13 | Create | Villager (Male) |
| 5:13 | Create | Villager (Male) |
| 5:13 | Create | Villager (Male) |
| 5:39 | Build | Lumber Camp |
| 5:58 | Create | Villager (Male) |
| 5:58 | Create | Villager (Male) |
| 5:58 | Create | Villager (Male) |
| 6:20 | Create | Villager (Male) |
| 6:20 | Create | Villager (Male) |
| 6:24 | Build | House |
| 6:40 | Create | Villager (Male) |
| 6:40 | Create | Villager (Male) |
| 6:40 | Create | Villager (Male) |
| 6:58 | Build | House |
| 7:02 | Create | Villager (Male) |
| 7:03 | Create | Villager (Male) |
| 7:03 | Create | Villager (Male) |
| 7:37 | Build | Dock |
| 8:14 | Create | Villager (Male) |
| 8:15 | Create | Villager (Male) |
| 8:15 | Create | Villager (Male) |
| 8:31 | Create | Fishing Ship |
| 8:31 | Create | Fishing Ship |
| 9:37 | Research | Feudal Age |
| 10:05 | Build | Farm |
| 10:07 | Build | Farm |
| 10:10 | Create | Fishing Ship |
| 10:10 | Create | Fishing Ship |
| 10:22 | Build | House |
| 10:52 | Build | Mill |
| 11:34 | Create | Villager (Male) |
| 11:34 | Create | Villager (Male) |
| 12:02 | Build | Market |
| 12:12 | Build | Blacksmith |
| 12:43 | Create | Villager (Male) |
| 12:52 | Build | Mining Camp |
| 12:55 | Build | Farm |
| 13:14 | Build | Farm |
| 13:17 | Build | Farm |
| 13:47 | Research | Castle Age |
| 14:00 | Research | Double-Bit Axe |
| 14:12 | Build | House |
| 14:13 | Build | House |
| 14:15 | Build | House |
| 14:42 | Build | Farm |
| 14:45 | Build | Farm |
| 14:49 | Build | Mining Camp |
| 15:08 | Research | Horse Collar |
| 15:14 | Create | Villager (Male) |
| 15:14 | Create | Villager (Male) |
| 15:40 | Build | House |
| 16:25 | Create | Villager (Male) |
| 16:25 | Create | Villager (Male) |
| 16:25 | Create | Villager (Male) |
| 16:32 | Build | Town Center |
| 16:41 | Build | Town Center |
| 16:47 | Research | Bow Saw |
| 17:35 | Build | Fish Trap |
| 17:39 | Build | Fish Trap |
| 17:41 | Create | Villager (Male) |
| 17:42 | Create | Villager (Male) |
| 17:42 | Create | Villager (Male) |
| 17:58 | Build | Fish Trap |
| 18:12 | Build | Fish Trap |
| 18:13 | Create | Villager (Male) |
| 18:14 | Create | Villager (Male) |
| 18:14 | Create | Villager (Male) |
| 18:27 | Create | Villager (Male) |
| 18:36 | Build | Monastery |
| 18:45 | Create | Villager (Male) |
| 18:45 | Create | Villager (Male) |
| 19:00 | Build | Farm |
| 19:04 | Build | Farm |
| 19:08 | Build | Farm |
| 19:11 | Build | Farm |
| 19:12 | Create | Villager (Male) |
| 19:13 | Create | Villager (Male) |
| 19:28 | Build | Farm |
| 19:32 | Create | Monk |
| 19:32 | Create | Monk |
| 19:46 | Build | Farm |
| 19:50 | Build | Farm |
| 19:55 | Build | Farm |
| 20:00 | Build | Farm |
| 20:01 | Create | Villager (Male) |
| 20:01 | Create | Villager (Male) |
| 20:02 | Create | Villager (Male) |
| 20:15 | Build | Lumber Camp |
| 20:20 | Build | Farm |
| 20:21 | Create | Villager (Male) |
| 20:21 | Create | Villager (Male) |
| 20:21 | Create | Villager (Male) |
| 20:33 | Build | Farm |
| 20:35 | Create | Villager (Male) |
| 20:36 | Create | Villager (Male) |
| 20:54 | Build | Farm |
| 21:00 | Create | Villager (Male) |
| 21:09 | Create | Villager (Male) |
| 21:09 | Create | Villager (Male) |
| 21:21 | Create | Villager (Male) |
| 21:21 | Create | Villager (Male) |
| 21:22 | Create | Villager (Male) |
| 21:53 | Create | Villager (Male) |
| 21:54 | Create | Villager (Male) |
| 21:54 | Create | Villager (Male) |
| 21:59 | Build | Farm |
| 22:02 | Build | Farm |
| 22:09 | Build | House |
| 22:10 | Build | House |
| 22:14 | Research | Wheelbarrow |
| 22:17 | Research | Wheelbarrow |
| 22:20 | Research | Loom |
| 22:20 | Create | Villager (Male) |
| 22:21 | Create | Villager (Male) |
| 22:25 | Build | Farm |
| 22:37 | Research | Tech 906 |
| 22:49 | Build | Farm |
| 22:50 | Create | Villager (Male) |
| 22:50 | Create | Villager (Male) |
| 23:21 | Build | Castle |
| 23:51 | Create | Villager (Male) |
| 23:51 | Create | Villager (Male) |
| 23:52 | Create | Villager (Male) |
| 23:52 | Create | Villager (Male) |
| 23:56 | Research | Fletching |
| 24:00 | Build | Farm |
| 24:07 | Research | Hand Cart |
Build order — TmZ_ĐЯEW ♚☯
First 150 of 743 actions detected
| 0:02 | Create | Villager (Male) ×4 |
| 0:02 | Create | Villager (Male) ×4 |
| 0:02 | Create | Villager (Male) ×4 |
| 0:03 | Build | House |
| 0:05 | Build | House |
| 1:39 | Create | Villager (Male) |
| 1:39 | Create | Villager (Male) |
| 2:09 | Create | Villager (Male) |
| 2:09 | Create | Villager (Male) |
| 2:09 | Create | Villager (Male) |
| 2:12 | Build | Lumber Camp |
| 2:28 | Create | Villager (Male) |
| 2:28 | Create | Villager (Male) |
| 2:29 | Create | Villager (Male) |
| 2:45 | Create | Villager (Male) |
| 2:45 | Create | Villager (Male) |
| 2:46 | Create | Villager (Male) |
| 3:19 | Create | Villager (Male) |
| 3:19 | Create | Villager (Male) |
| 3:20 | Create | Villager (Male) |
| 3:46 | Create | Villager (Male) |
| 3:47 | Create | Villager (Male) |
| 3:53 | Build | Mill |
| 4:19 | Create | Villager (Male) |
| 4:19 | Create | Villager (Male) |
| 4:19 | Create | Villager (Male) |
| 4:44 | Create | Villager (Male) |
| 4:45 | Create | Villager (Male) |
| 4:45 | Create | Villager (Male) |
| 5:11 | Create | Villager (Male) |
| 5:11 | Create | Villager (Male) |
| 5:24 | Create | Villager (Male) |
| 5:24 | Create | Villager (Male) |
| 5:25 | Create | Villager (Male) |
| 5:56 | Create | Villager (Male) |
| 5:56 | Create | Villager (Male) |
| 6:12 | Build | Mill |
| 6:14 | Create | Villager (Male) |
| 6:14 | Create | Villager (Male) |
| 6:14 | Create | Villager (Male) |
| 6:36 | Create | Villager (Male) |
| 6:36 | Create | Villager (Male) |
| 7:02 | Create | Villager (Male) |
| 7:02 | Create | Villager (Male) |
| 7:10 | Create | Villager (Male) |
| 7:11 | Create | Villager (Male) |
| 7:11 | Create | Villager (Male) |
| 7:32 | Create | Villager (Male) |
| 7:32 | Create | Villager (Male) |
| 8:09 | Build | Mining Camp |
| 8:58 | Create | Villager (Male) |
| 9:20 | Research | Feudal Age |
| 9:57 | Build | Palisade Wall |
| 9:58 | Build | Palisade Wall |
| 9:59 | Build | Palisade Wall |
| 10:01 | Build | Palisade Wall |
| 10:20 | Build | House |
| 10:29 | Build | House |
| 11:30 | Create | Villager (Male) |
| 11:33 | Age | Feudal Age |
| 11:38 | Build | Blacksmith |
| 11:41 | Build | Market |
| 11:57 | Build | House |
| 12:02 | Research | Loom |
| 12:14 | Create | Villager (Male) |
| 12:32 | Research | Castle Age |
| 12:32 | Research | Castle Age |
| 12:32 | Research | Castle Age |
| 13:12 | Research | Double-Bit Axe |
| 13:23 | Build | House |
| 13:50 | Build | House |
| 13:56 | Build | House |
| 15:04 | Create | Villager (Male) |
| 15:04 | Create | Villager (Male) |
| 15:12 | Age | Castle Age |
| 15:15 | Build | Town Center |
| 15:21 | Build | Town Center |
| 15:29 | Create | Villager (Male) |
| 15:29 | Create | Villager (Male) |
| 15:39 | Build | Farm |
| 15:39 | Build | Farm |
| 15:39 | Build | Farm |
| 15:39 | Build | Farm |
| 15:41 | Build | Farm |
| 15:50 | Create | Villager (Male) |
| 15:51 | Create | Villager (Male) |
| 16:02 | Research | Horse Collar |
| 16:22 | Create | Villager (Male) |
| 16:29 | Create | Villager (Male) |
| 16:39 | Build | Farm |
| 16:43 | Create | Villager (Male) |
| 16:43 | Create | Villager (Male) |
| 16:48 | Create | Villager (Male) |
| 16:51 | Create | Villager (Male) ×4 |
| 16:51 | Create | Villager (Male) ×4 |
| 16:54 | Build | Farm |
| 16:56 | Create | Villager (Male) |
| 16:56 | Create | Villager (Male) |
| 17:08 | Build | Farm |
| 17:13 | Create | Villager (Male) |
| 17:14 | Create | Villager (Male) |
| 17:17 | Create | Villager (Male) |
| 17:17 | Create | Villager (Male) |
| 17:17 | Create | Villager (Male) |
| 17:20 | Build | Farm |
| 17:28 | Create | Villager (Male) |
| 17:28 | Create | Villager (Male) |
| 17:38 | Create | Villager (Male) |
| 17:38 | Create | Villager (Male) |
| 17:42 | Build | Farm |
| 17:46 | Create | Villager (Male) |
| 17:46 | Create | Villager (Male) |
| 17:46 | Create | Villager (Male) |
| 17:57 | Build | Farm |
| 17:57 | Create | Villager (Male) |
| 17:57 | Create | Villager (Male) |
| 17:58 | Create | Villager (Male) |
| 18:16 | Build | Town Center |
| 18:29 | Research | Bow Saw |
| 18:34 | Create | Villager (Male) |
| 18:34 | Create | Villager (Male) |
| 18:35 | Create | Villager (Male) |
| 18:42 | Build | House |
| 18:51 | Build | House |
| 18:53 | Create | Villager (Male) |
| 18:54 | Create | Villager (Male) |
| 18:54 | Create | Villager (Male) |
| 18:54 | Create | Villager (Male) |
| 18:57 | Build | Farm |
| 19:07 | Create | Villager (Male) |
| 19:07 | Create | Villager (Male) |
| 19:07 | Create | Villager (Male) |
| 19:08 | Build | Farm |
| 19:16 | Create | Villager (Male) |
| 19:16 | Create | Villager (Male) |
| 19:18 | Build | Farm |
| 19:24 | Build | Farm |
| 19:25 | Create | Villager (Male) |
| 19:25 | Create | Villager (Male) |
| 19:26 | Create | Villager (Male) |
| 19:26 | Create | Villager (Male) |
| 19:40 | Create | Villager (Male) |
| 19:40 | Create | Villager (Male) |
| 19:47 | Create | Villager (Male) |
| 19:47 | Create | Villager (Male) |
| 19:47 | Create | Villager (Male) |
| 19:53 | Create | Villager (Male) |
| 19:53 | Create | Villager (Male) |
| 19:53 | Create | Villager (Male) |
| 20:01 | Build | Mill |
Match timeline
| 1:05 | Zariel · wall_segment Palisade Wall x10 |
| 1:11 | Zariel · wall_segment Palisade Wall x1 |
| 1:12 | Zariel · wall_segment Palisade Wall x1 |
| 1:13 | Zariel · wall_segment Palisade Wall x1 |
| 1:13 | Zariel · wall_segment Palisade Wall x1 |
| 1:15 | Zariel · wall_segment Palisade Wall x1 |
| 1:19 | Zariel · wall_segment Palisade Wall x1 |
| 1:24 | IscoNavas · wall_segment Palisade Wall x8 |
| 1:28 | Salty · wall_segment Palisade Wall x6 |
| 2:14 | Salty · wall_segment Palisade Wall x7 |
| 2:17 | Salty · wall_segment Palisade Wall x7 |
| 2:31 | Zariel · wall_segment Palisade Wall x1 |
| 2:54 | mayinbu · wall_segment Palisade Wall x14 |
| 3:06 | mayinbu · wall_segment Palisade Wall x6 |
| 3:22 | Zariel · wall_segment Palisade Wall x1 |
| 4:23 | mayinbu · wall_segment Palisade Wall x1 |
| 5:06 | Zariel · wall_segment Palisade Wall x1 |
| 5:29 | Zariel · wall_segment Palisade Wall x1 |
| 5:30 | mayinbu · wall_segment Palisade Wall x1 |
| 5:48 | Zariel · wall_segment Palisade Wall x1 |
| 5:50 | mayinbu · wall_segment Palisade Wall x8 |
| 5:55 | Zariel · wall_segment Palisade Wall x1 |
| 6:00 | Salty · wall_segment Palisade Wall x1 |
| 6:07 | Zariel · wall_segment Palisade Wall x1 |
| 6:09 | Zariel · wall_segment Palisade Wall x1 |
| 6:14 | Zariel · wall_segment Palisade Wall x1 |
| 6:25 | mayinbu · wall_segment Palisade Wall x1 |
| 6:28 | Zariel · wall_segment Palisade Wall x1 |
| 6:37 | Zariel · wall_segment Palisade Wall x1 |
| 6:52 | FappingFuriously · first_building Dock |
| 7:12 | mayinbu · wall_segment Palisade Wall x1 |
| 7:16 | Zariel · wall_segment Palisade Wall x1 |
| 7:34 | Zariel · wall_segment Palisade Wall x1 |
| 7:36 | Zariel · wall_segment Palisade Wall x1 |
| 7:37 | logibll777 · first_building Dock |
| 7:38 | Zariel · wall_segment Palisade Wall x1 |
| 7:53 | Zariel · wall_segment Palisade Wall x1 |
| 7:56 | Zariel · wall_segment Palisade Wall x1 |
| 8:12 | Zariel · wall_segment Palisade Wall x1 |
| 8:14 | Zariel · wall_segment Palisade Wall x1 |
| 8:47 | mayinbu · resign |
| 8:51 | Zariel · wall_segment Palisade Wall x3 |
| 9:08 | Zariel · wall_segment Palisade Wall x1 |
| 9:09 | Deleve3316 · first_building Barracks |
| 9:17 | Zariel · wall_segment Palisade Wall x1 |
| 9:18 | Zariel · wall_segment Palisade Wall x1 |
| 9:21 | Zariel · wall_segment Palisade Wall x1 |
| 9:22 | Zariel · wall_segment Palisade Wall x1 |
| 9:22 | Zariel · wall_segment Palisade Wall x1 |
| 9:28 | Zariel · wall_segment Palisade Wall x1 |
| 9:41 | Zariel · wall_segment Palisade Wall x1 |
| 9:45 | Zariel · wall_segment Palisade Wall x1 |
| 9:45 | Zariel · wall_segment Palisade Wall x1 |
| 9:46 | Zariel · wall_segment Palisade Wall x1 |
| 9:47 | Zariel · wall_segment Palisade Wall x1 |
| 9:50 | Zariel · wall_segment Palisade Wall x1 |
| 9:53 | Zariel · wall_segment Palisade Wall x1 |
| 9:54 | Zariel · wall_segment Palisade Wall x1 |
| 9:57 | TmZ_ĐЯEW ♚☯ · wall_segment Palisade Wall x1 |
| 9:58 | TmZ_ĐЯEW ♚☯ · wall_segment Palisade Wall x1 |
| 9:59 | TmZ_ĐЯEW ♚☯ · wall_segment Palisade Wall x1 |
| 10:01 | TmZ_ĐЯEW ♚☯ · wall_segment Palisade Wall x5 |
| 10:21 | Zariel · wall_segment Palisade Wall x1 |
| 10:23 | Zariel · wall_segment Palisade Wall x1 |
| 10:24 | Zariel · wall_segment Palisade Wall x2 |
| 10:44 | Zariel · wall_segment Palisade Wall x1 |
| 10:44 | Zariel · wall_segment Palisade Wall x1 |
| 10:55 | Deleve3316 · first_building Stable |
| 10:59 | Salty · wall_segment Palisade Wall x10 |
| 11:25 | Zariel · wall_segment Palisade Wall x6 |
| 11:33 | TmZ_ĐЯEW ♚☯ · age_up feudal |
| 11:35 | Zariel · wall_segment Palisade Wall x1 |
| 11:46 | FappingFuriously · age_up feudal |
| 11:51 | Salty · wall_segment Palisade Wall x6 |
| 11:53 | Salty · wall_segment Palisade Wall x4 |
| 11:53 | Zariel · wall_segment Palisade Wall x1 |
| 11:54 | Zariel · wall_segment Palisade Wall x1 |
| 12:04 | Zariel · wall_segment Palisade Wall x4 |
| 12:12 | Zariel · wall_segment Palisade Wall x1 |
| 12:13 | Zariel · wall_segment Palisade Wall x1 |
| 12:16 | Zariel · wall_segment Palisade Wall x3 |
| 12:45 | Zariel · wall_segment Palisade Wall x1 |
| 12:53 | Salty · wall_segment Palisade Wall x1 |
| 12:56 | Salty · wall_segment Palisade Wall x7 |
| 12:57 | Zariel · wall_segment Palisade Wall x1 |
| 12:58 | Salty · wall_segment Palisade Wall x4 |
| 13:00 | Zariel · wall_segment Palisade Wall x1 |
| 13:01 | Zariel · wall_segment Palisade Wall x1 |
| 13:38 | logibll777 · first_market_sell 100 food |
| 13:48 | Zariel · wall_segment Palisade Wall x1 |
| 13:49 | Zariel · wall_segment Palisade Wall x1 |
| 13:56 | Zariel · wall_segment Palisade Wall x1 |
| 13:57 | Zariel · wall_segment Palisade Wall x1 |
| 14:13 | Zariel · wall_segment Palisade Wall x4 |
| 14:15 | Zariel · wall_segment Palisade Wall x3 |
| 14:20 | Zariel · wall_segment Palisade Wall x4 |
| 15:07 | Deleve3316 · first_market_buy 100 food |
| 15:12 | TmZ_ĐЯEW ♚☯ · age_up castle |
| 15:16 | Deleve3316 · first_market_sell 100 wood |
| 15:32 | TmZ_ĐЯEW ♚☯ · first_market_buy 100 food |
| 15:46 | Zariel · age_up feudal |
| 16:05 | FappingFuriously · wall_segment Stone Wall x3 |
| 16:09 | Zariel · wall_segment Stone Wall x4 |
| 16:10 | FappingFuriously · wall_segment Stone Wall x9 |
| 16:10 | Zariel · wall_segment Stone Wall x1 |
| 16:11 | Zariel · wall_segment Stone Wall x1 |
| 16:12 | Zariel · wall_segment Stone Wall x1 |
| 16:12 | Zariel · wall_segment Stone Wall x1 |
| 16:13 | Zariel · wall_segment Stone Wall x1 |
| 16:13 | Zariel · wall_segment Stone Wall x1 |
| 16:23 | Zariel · wall_segment Stone Wall x1 |
| 16:23 | Zariel · wall_segment Stone Wall x1 |
| 16:24 | Zariel · wall_segment Stone Wall x1 |
| 16:24 | Zariel · wall_segment Stone Wall x1 |
| 16:35 | Zariel · first_building Barracks |
| 17:10 | Zariel · wall_segment Stone Wall x1 |
| 17:24 | FappingFuriously · age_up castle |
| 17:29 | FappingFuriously · first_building Monastery |
| 18:13 | Zariel · first_building Archery Range |
| 18:16 | Deleve3316 · first_building Castle |
| 18:36 | logibll777 · first_building Monastery |
| 18:38 | Zariel · wall_segment Stone Wall x1 |
| 19:23 | IscoNavas · first_building Barracks |
| 21:04 | IscoNavas · age_up feudal |
| 21:05 | Salty · first_building Dock |
| 21:21 | Zariel · wall_segment Palisade Wall x8 |
| 21:45 | Zariel · first_building Stable |
| 21:53 | Deleve3316 · wall_segment Stone Wall x18 |
| 21:53 | Zariel · wall_segment Stone Wall x1 |
| 21:59 | Salty · age_up feudal |
| 22:46 | Zariel · wall_segment Stone Wall x1 |
| 22:54 | Zariel · first_market_buy 100 food |
| 22:58 | Zariel · first_market_sell 100 stone |
| 23:21 | logibll777 · first_building Castle |
| 23:23 | FappingFuriously · first_building Barracks |
| 23:36 | Deleve3316 · wall_segment Stone Wall x19 |
| 23:40 | TmZ_ĐЯEW ♚☯ · first_building Barracks |
| 23:47 | TmZ_ĐЯEW ♚☯ · first_building Monastery |
| 24:04 | TmZ_ĐЯEW ♚☯ · first_market_sell 500 wood |
| 24:06 | Zariel · wall_segment Stone Wall x14 |
| 24:13 | Deleve3316 · wall_segment Stone Wall x5 |
| 25:27 | Deleve3316 · wall_segment Stone Wall x1 |
| 25:52 | logibll777 · first_building Siege Workshop |
| 26:06 | Zariel · age_up castle |
| 26:08 | Zariel · first_building Castle |
| 26:18 | TmZ_ĐЯEW ♚☯ · first_building Castle |
| 26:24 | FappingFuriously · first_building Castle |
| 26:38 | TmZ_ĐЯEW ♚☯ · first_building Stable |
| 26:52 | logibll777 · first_building Barracks |
| 26:59 | IscoNavas · wall_segment Stone Wall x1 |
| 28:04 | FappingFuriously · first_market_buy 100 food |
| 28:45 | TmZ_ĐЯEW ♚☯ · age_up imperial |
| 29:05 | Salty · age_up castle |
| 30:07 | TmZ_ĐЯEW ♚☯ · wall_segment Palisade Wall x1 |
| 30:09 | TmZ_ĐЯEW ♚☯ · wall_segment Palisade Wall x6 |
| 30:18 | Zariel · first_building Monastery |
| 30:23 | Salty · first_building Siege Workshop |
| 30:30 | FappingFuriously · first_building Stable |
| 30:31 | logibll777 · first_market_buy 100 wood |
| 30:40 | Salty · first_building Monastery |
| 30:47 | IscoNavas · first_market_buy 100 food |
| 30:54 | TmZ_ĐЯEW ♚☯ · first_building Siege Workshop |
| 31:03 | Salty · first_market_buy 100 food |
| 31:06 | Salty · first_market_sell 500 wood |
| 31:54 | Zariel · wall_segment Palisade Wall x1 |
| 31:58 | Zariel · wall_segment Stone Wall x1 |
| 32:02 | Zariel · wall_segment Stone Wall x1 |
| 32:25 | FappingFuriously · age_up imperial |
| 33:41 | IscoNavas · age_up castle |
| 33:50 | Salty · wall_segment Stone Wall x16 |
| 33:53 | Deleve3316 · first_building Monastery |
| 33:59 | Salty · wall_segment Stone Wall x12 |
| 34:04 | IscoNavas · first_building Siege Workshop |
| 34:39 | Salty · first_building Castle |
| 34:46 | Salty · age_up imperial |
| 36:45 | FappingFuriously · first_market_sell 500 wood |
| 38:44 | Deleve3316 · wall_segment Stone Wall x13 |
| 38:53 | IscoNavas · first_building Castle |
| 39:26 | IscoNavas · first_building Archery Range |
| 39:32 | Deleve3316 · wall_segment Stone Wall x15 |
| 39:41 | IscoNavas · wall_segment Stone Wall x2 |
| 39:44 | IscoNavas · wall_segment Stone Wall x6 |
| 39:52 | Salty · wall_segment Stone Wall x13 |
| 40:46 | Salty · wall_segment Stone Wall x1 |
| 41:14 | Salty · wall_segment Stone Wall x22 |
| 41:35 | Salty · first_building Barracks |
| 41:38 | Zariel · age_up imperial |
| 42:44 | Salty · wall_segment Stone Wall x7 |
| 44:20 | IscoNavas · first_market_sell 500 food |
| 46:08 | IscoNavas · wall_segment Stone Wall x1 |
| 46:21 | IscoNavas · wall_segment Stone Wall x1 |
[ AI ANALYSIS · 1 CREDIT ]
What really happened in this match?
Wolo.gg analyzes every decision: build order, eco, micro, common mistakes by bracket. Personalized analysis on WhatsApp or Discord in 30 seconds.
Civ guide
Lithuanians
Perfil
Jugador #2512356